PA
WASHINGTON GENERALS @ GALESBURG GUZZLERS
09/02/2034
 
TOP OF THE 1ST
Washington Generals batting - Pitching for Galesburg Guzzlers : LHP Mike Murdock
Pitching: LHP Mike Murdock
Batting: RHB Eun-bum Song 0-0: Foul Ball, location: 2F
0-1: Ball
1-1: Ball
2-1: Foul Ball, location: 2F
2-2: Strikes out swinging
Batting: RHB Charles Atkinson 0-0: Ball
1-0: Foul Ball, location: 2F
1-1: Ground out 5-3 (Groundball, 5S)
Batting: RHB Fernando Acevedo 0-0: Ball
1-0: Ball
2-0: Ball
3-0: Base on Balls
Batting: RHB Ashton Bailey 0-0: Ball
1-0: Called Strike
1-1: Fly out, F9 (Line Drive, 89M)
Top of the 1st over - 0 runs, 0 hits, 0 errors, 1 left on base; Washington 0 - Galesburg 0
BOTTOM OF THE 1ST
Galesburg Guzzlers batting - Pitching for Washington Generals : RHP Ramón Gálvez
Pitching: RHP Ramón Gálvez
Batting: RHB Don Pokorski 0-0: Swinging Strike
0-1: Called Strike
0-2: Ball
1-2: Fly out, F8 (Line Drive, 8LS)
Batting: LHB Evan Meertens 0-0: Ball
1-0: Ground out 3-1 (Groundball, 34)
Batting: RHB Ernesto Amézaga 0-0: Ground out 4-3 (Groundball, 4M)
Bottom of the 1st over - 0 runs, 0 hits, 0 errors, 0 left on base; Washington 0 - Galesburg 0
TOP OF THE 2ND
Washington Generals batting - Pitching for Galesburg Guzzlers : LHP Mike Murdock
Batting: RHB Robin Padilla 0-0: Swinging Strike
0-1: TRIPLE (Flyball, 8RXD)
Batting: RHB Wen-hua Zhŕo 0-0: Foul Ball, location: 2F
0-1: Swinging Strike
0-2: Ball
1-2: Strikes out swinging
Batting: RHB Ted Veals 0-0: Ground out 6-3 (Groundball, 6M)
Robin Padilla scores
Batting: RHB Raúl Ocasio 0-0: Ball
1-0: Ball
2-0: Ball
3-0: Base on Balls
Batting: LHB Mike O'Neil 0-0: Ball
Pickoff Throw to First - Error! E1
Raúl Ocasio to second
1-0: Foul Ball, location: 2F
1-1: Called Strike
1-2: Ball
2-2: Foul Ball, location: 2F
2-2: Strikes out swinging
Top of the 2nd over - 1 run, 1 hit, 1 error, 1 left on base; Washington 1 - Galesburg 0
BOTTOM OF THE 2ND
Galesburg Guzzlers batting - Pitching for Washington Generals : RHP Ramón Gálvez
Batting: LHB Brendon Lewis 0-0: Called Strike
0-1: Foul Ball, location: 2F
0-2: Strikes out swinging
Batting: RHB Telman Gadzhiyev 0-0: Ball
1-0: Swinging Strike
1-1: Ball
2-1: Foul Ball, location: 2F
2-2: Ball
3-2: Base on Balls
Batting: SHB Louie Vipont 0-0: Ball
1-0: Grounds into double play, 4-6-3 (Groundball, 4)
Bottom of the 2nd over - 0 runs, 0 hits, 0 errors, 0 left on base; Washington 1 - Galesburg 0
TOP OF THE 3RD
Washington Generals batting - Pitching for Galesburg Guzzlers : LHP Mike Murdock
Batting: RHB Eun-bum Song 0-0: Ball
1-0: Ball
2-0: Called Strike
2-1: Foul Ball, location: 2F
2-2: Ball
3-2: Base on Balls
Batting: RHB Charles Atkinson 0-0: Called Strike
0-1: Ball
1-1: Ball
2-1: Fielders Choice at 2nd, 6-4 (Groundball, 6)
Batting: RHB Fernando Acevedo 0-0: Ball
1-0: Ball
2-0: Foul Ball, location: 2F
2-1: Ball
3-1: Fly out, F7 (Flyball, 7D)
Batting: RHB Ashton Bailey 0-0: Ball
Charles Atkinson steals 2nd base
1-0: Called Strike
1-1: Ball
2-1: Swinging Strike
2-2: Ball
3-2: Strikes out swinging
Top of the 3rd over - 0 runs, 0 hits, 0 errors, 1 left on base; Washington 1 - Galesburg 0
BOTTOM OF THE 3RD
Galesburg Guzzlers batting - Pitching for Washington Generals : RHP Ramón Gálvez
Batting: RHB Bob Williams 0-0: Ball
1-0: Ball
2-0: Ball
3-0: Base on Balls
Batting: RHB Manny Diéguez 0-0: Called Strike
0-1: Ball
1-1: Ball
2-1: Ball
3-1: Foul Ball, location: 2F
3-2: Foul Ball, location: 2F
3-2: Fly out, F9 (Flyball, 89S)
Batting: RHB Augusto Lucero 0-0: Ball
1-0: Called Strike
1-1: Foul Ball, location: 2F
1-2: Strikes out swinging
Batting: RHB Don Pokorski 0-0: Ball
1-0: Swinging Strike
1-1: Fly out, F8 (Flyball, 78D)
Bottom of the 3rd over - 0 runs, 0 hits, 0 errors, 1 left on base; Washington 1 - Galesburg 0
TOP OF THE 4TH
Washington Generals batting - Pitching for Galesburg Guzzlers : LHP Mike Murdock
Batting: RHB Robin Padilla 0-0: Ball
1-0: Swinging Strike
1-1: SINGLE (Flyball, 8LS)
Batting: RHB Wen-hua Zhŕo 0-0: Ball
1-0: Foul Ball, location: 2F
1-1: SINGLE (Line Drive, 34)
Robin Padilla to second
Batting: RHB Ted Veals 0-0: Ball
1-0: Ball
2-0: Ball
3-0: Called Strike
3-1: Fly out, F7 (Flyball, 7S)
Batting: RHB Raúl Ocasio 0-0: Swinging Strike
0-1: Ball
1-1: Foul Ball, location: 2F
1-2: Ball
2-2: Ground out 5-3 (Groundball, 56S)
Robin Padilla to third
Wen-hua Zhŕo to second
Batting: LHB Mike O'Neil 0-0: Fly out, F7 (Flyball, 7S)
Top of the 4th over - 0 runs, 2 hits, 0 errors, 2 left on base; Washington 1 - Galesburg 0
BOTTOM OF THE 4TH
Galesburg Guzzlers batting - Pitching for Washington Generals : RHP Ramón Gálvez
Batting: LHB Evan Meertens 0-0: Ball
1-0: Called Strike
1-1: Ball
2-1: Ball
3-1: Base on Balls
Batting: RHB Ernesto Amézaga 0-0: Called Strike
0-1: Foul Ball, location: 2F
0-2: Ball
1-2: Strikes out looking
Batting: LHB Brendon Lewis 0-0: Ball
Evan Meertens steals 2nd base
1-0: Called Strike
1-1: Ball
2-1: Swinging Strike
2-2: Fly out, F9 (Flyball, 9)
Batting: RHB Telman Gadzhiyev 0-0: Ball
1-0: Fly out, F9 (Line Drive, 9)
Bottom of the 4th over - 0 runs, 0 hits, 0 errors, 1 left on base; Washington 1 - Galesburg 0
TOP OF THE 5TH
Washington Generals batting - Pitching for Galesburg Guzzlers : LHP Mike Murdock
Batting: RHB Eun-bum Song 0-0: Ball
1-0: Ball
2-0: Foul Ball, location: 2F
2-1: Fly out, F9 (Flyball, 9)
Batting: RHB Charles Atkinson 0-0: Called Strike
0-1: Swinging Strike
0-2: Foul Ball, location: 2F
0-2: Strikes out swinging
Batting: RHB Fernando Acevedo 0-0: Ground out 5-3 (Groundball, 56)
Top of the 5th over - 0 runs, 0 hits, 0 errors, 0 left on base; Washington 1 - Galesburg 0
BOTTOM OF THE 5TH
Galesburg Guzzlers batting - Pitching for Washington Generals : RHP Ramón Gálvez
Batting: SHB Louie Vipont 0-0: Foul Ball, location: 2F
0-1: Ground out 6-3 (Groundball, 6)
Batting: RHB Bob Williams 0-0: Ball
1-0: Called Strike
1-1: Called Strike
1-2: Ball
2-2: Strikes out swinging
Batting: RHB Manny Diéguez 0-0: Ground out 1-3 (Groundball, 15S)
Bottom of the 5th over - 0 runs, 0 hits, 0 errors, 0 left on base; Washington 1 - Galesburg 0
TOP OF THE 6TH
Washington Generals batting - Pitching for Galesburg Guzzlers : LHP Mike Murdock
Batting: RHB Ashton Bailey 0-0: Foul Ball, location: 2F
0-1: Fly out, F8 (Flyball, 8RXD)
Batting: RHB Robin Padilla 0-0: Called Strike
0-1: Ball
1-1: Foul Ball, location: 2F
1-2: Ball
2-2: Strikes out looking
Batting: RHB Wen-hua Zhŕo 0-0: Called Strike
0-1: Fly out, F7 (Flyball, 7)
Top of the 6th over - 0 runs, 0 hits, 0 errors, 0 left on base; Washington 1 - Galesburg 0
BOTTOM OF THE 6TH
Galesburg Guzzlers batting - Pitching for Washington Generals : RHP Ramón Gálvez
Batting: RHB Augusto Lucero 0-0: Swinging Strike
0-1: Ball
1-1: Ball
2-1: Bunt for hit - play at first, batter OUT! 1-3
Batting: RHB Don Pokorski 0-0: Called Strike
0-1: Ball
1-1: Swinging Strike
1-2: Fly out, F8 (Flyball, 8RD)
Batting: LHB Evan Meertens 0-0: Called Strike
0-1: Swinging Strike
0-2: Strikes out swinging
Bottom of the 6th over - 0 runs, 0 hits, 0 errors, 0 left on base; Washington 1 - Galesburg 0
TOP OF THE 7TH
Washington Generals batting - Pitching for Galesburg Guzzlers : LHP Mike Murdock
Batting: RHB Ted Veals 0-0: Ball
1-0: Ball
2-0: Fly out, F6 (Line Drive, 6)
Pitching: RHP Irving Wheeler
Batting: RHB Raúl Ocasio 0-0: Ball
1-0: Ground out U3 (Groundball, 3)
Batting: LHB Mike O'Neil 0-0: Ball
1-0: Foul Ball, location: 2F
1-1: Fly out, F7 (Flyball, 7S)
Top of the 7th over - 0 runs, 0 hits, 0 errors, 0 left on base; Washington 1 - Galesburg 0
BOTTOM OF THE 7TH
Galesburg Guzzlers batting - Pitching for Washington Generals : RHP Ramón Gálvez
Batting: RHB Ernesto Amézaga 0-0: Ball
1-0: SINGLE (Line Drive, 4D)
Batting: LHB Brendon Lewis 0-0: Ball
1-0: Ball
2-0: Called Strike
2-1: Swinging Strike
2-2: Ball
3-2: Base on Balls
Ernesto Amézaga to second
Batting: RHB Telman Gadzhiyev 0-0: Ball
1-0: Swinging Strike
1-1: Foul Ball, location: 2F
1-2: Ground out 5-3 (Groundball, 56S)
Ernesto Amézaga to third
Brendon Lewis to second
Batting: SHB Louie Vipont 0-0: Ball
1-0: Ball
2-0: Called Strike
2-1: Called Strike
2-2: Fly out, F8 (Line Drive, 8RM)
Runner from 3rd tags up, SCORES, no throw
Batting: RHB Bob Williams 0-0: Swinging Strike
0-1: Ball
1-1: Swinging Strike
1-2: Ball
2-2: Ball
3-2: Foul Ball, location: 2F
3-2: Base on Balls
Batting: RHB Manny Diéguez 0-0: Ball
1-0: Ball
2-0: Foul Ball, location: 2F
2-1: Swinging Strike
2-2: Foul Ball, location: 2F
2-2: Fly out, F9 (Line Drive, 9)
Bottom of the 7th over - 1 run, 1 hit, 0 errors, 2 left on base; Washington 1 - Galesburg 1
TOP OF THE 8TH
Washington Generals batting - Pitching for Galesburg Guzzlers : RHP Irving Wheeler
Batting: RHB Eun-bum Song 0-0: Ball
1-0: Called Strike
1-1: Swinging Strike
1-2: Ball
2-2: DOUBLE (Line Drive, 78D)
Batting: RHB Charles Atkinson 0-0: Ball
1-0: Bunted foul
1-1: Bunted foul
1-2: Strikes out swinging
Batting: RHB Fernando Acevedo 0-0: Ball
1-0: Called Strike
1-1: Called Strike
1-2: Ball
2-2: Foul Ball, location: 2F
2-2: Foul Ball, location: 2F
2-2: Ground out 4-3 (Groundball, 34D)
Eun-bum Song to third
Batting: RHB Ashton Bailey 0-0: Ball
1-0: Ball
2-0: Called Strike
2-1: Ball
3-1: Called Strike
3-2: Base on Balls
Batting: RHB Robin Padilla 0-0: SINGLE (Groundball, 6D)
Eun-bum Song scores
Ashton Bailey to second
Batting: RHB Wen-hua Zhŕo 0-0: Ball
1-0: Called Strike
1-1: Foul Ball, location: 2F
1-2: Ground out 6-3 (Groundball, 6M)
Top of the 8th over - 1 run, 2 hits, 0 errors, 2 left on base; Washington 2 - Galesburg 1
BOTTOM OF THE 8TH
Galesburg Guzzlers batting - Pitching for Washington Generals : RHP Ramón Gálvez
Batting: RHB Augusto Lucero 0-0: Fly out, F9 (Flyball, 9LM)
Batting: RHB Don Pokorski 0-0: Swinging Strike
0-1: Ball
1-1: Foul Ball, location: 2F
1-2: SINGLE (Flyball, 8LS)
Pinch Hitting: RHB Jeremy Migliorati 0-0: Ball
1-0: Fly out, F7 (Flyball, 7S)
Batting: RHB Ernesto Amézaga 0-0: Ball
1-0: Ball
2-0: Ball
3-0: Base on Balls
Don Pokorski to second
Pitching: LHP Ryan Carr
Batting: LHB Brendon Lewis 0-0: Called Strike
0-1: SINGLE (Flyball, 89S)
Don Pokorski to third
Ernesto Amézaga to second
Runner from 3rd tries for Home, SAFE, no throw
Batting: RHB Telman Gadzhiyev 0-0: Ball
1-0: Ball
2-0: Foul Ball, location: 2F
2-1: Swinging Strike
2-2: Strikes out swinging
Bottom of the 8th over - 1 run, 2 hits, 0 errors, 2 left on base; Washington 2 - Galesburg 2
TOP OF THE 9TH
Washington Generals batting - Pitching for Galesburg Guzzlers : RHP Irving Wheeler
Now in LF: Jeremy Migliorati
Batting: RHB Ted Veals 0-0: Reached on error, E6 (Groundball, 6)
Pinch Hitting: RHB Dale Clark 0-0: Intentional Walk
Batting: LHB Mike O'Neil 0-0: Ground out U3 (Groundball, 3S)
Ted Veals to third
Dale Clark to second
Batting: RHB Eun-bum Song 0-0: Ball
1-0: Ground out 5-3 (Groundball, 56S)
Batting: RHB Charles Atkinson 0-0: Foul Ball, location: 2F
0-1: Ball
1-1: Ground out 6-3 (Groundball, 6)
Top of the 9th over - 0 runs, 0 hits, 1 error, 2 left on base; Washington 2 - Galesburg 2
BOTTOM OF THE 9TH
Galesburg Guzzlers batting - Pitching for Washington Generals : LHP Ryan Carr
Now at 2B: Dale Clark
Batting: SHB Louie Vipont 0-0: Swinging Strike
0-1: Ball
1-1: Ball
2-1: Swinging Strike
2-2: Strikes out swinging
Batting: RHB Bob Williams 0-0: Ball
1-0: SINGLE (Line Drive, 78M)
Pinch Runner at 1st Manny Valentín:
Batting: RHB Manny Diéguez 0-0: Ball
Manny Valentín steals 2nd base
1-0: Intentional Walk
Pinch Hitting: RHB António Delgado 0-0: Ball
1-0: Ball
2-0: Called Strike
2-1: Called Strike
2-2: Foul Ball, location: 2F
2-2: Ball
3-2: Ground out 5-3 (Groundball, 56)
Manny Valentín to third
Manny Diéguez to second
Batting: RHB Don Pokorski 0-0: Ball
1-0: Hit by Pitch
Batting: RHB Jeremy Migliorati 0-0: Ball
1-0: Called Strike
1-1: Ball
2-1: Ball
3-1: Called Strike
3-2: Single, Error in OF, E8, batter to second base
Manny Valentín scores
Friday, March 29th, 2019 - OOTP Baseball 18.8 Build 76